 Dungeon Crawl Stone Soup version 0.22-a0-322-g60b3cfd (webtiles) character file.

20 4thArraOfDagon the Grave Robber (level 2, -3/20 HPs)
             Began as a Demigod Necromancer on Apr 3, 2018.
             Slain by a goblin (4 damage)
             ... on level 2 of the Dungeon.
             The game lasted 00:01:21 (383 turns).

4thArraOfDagon the Grave Robber (DgNe)               Turns: 383, Time: 00:01:22

Health: -3/20      AC:  4    Str: 11    XL:     2   Next: 42%
Magic:  1/7        EV: 12    Int: 19    God:
Gold:   37         SH:  0    Dex: 16    Spells: 4/5 levels left

rFire    . . .     SeeInvis .   (no weapon)
rCold    . . .     Gourm    .   (no shield)
rNeg     . . .     Faith    .   a - +0 robe
rPois    .         Spirit   .   g - +1 helmet
rElec    .         Reflect  .   (no cloak)
rCorr    .         Harm     .   (no gloves)
MR       .....                  (no boots)
Stlth    ++........             (no amulet)
HPRegen  0.06/turn              (no ring)
MPRegen  0.10/turn              (no ring)

@: no status effects
A: high mp 1
a: no special abilities


You were on level 2 of the Dungeon.
You were not hungry.

You visited 1 branch of the dungeon, and saw 2 of its levels.

You collected 37 gold pieces.

Inventory:

Armour
 a - a +0 robe (worn)
 g - a +1 helmet (worn)
Scrolls
 b - 2 scrolls of teleportation {unknown}
 d - a scroll of enchant armour {unknown}
 e - a scroll of amnesia {unknown}
Potions
 f - a potion of ambrosia {unknown}
Comestibles
 c - 2 rations


   Skills:
 - Level 1.7 Dodging
 - Level 1.7 Stealth
 + Level 2.1 Spellcasting
 * Level 4.1 Necromancy


You had 4 spell levels left.
You knew the following spells:

 Your Spells              Type           Power        Failure   Level  Hunger
a - Pain                  Necr           ###.         3%          1    #......


Dungeon Overview and Level Annotations

Branches:
Dungeon (2/15)


Innate Abilities, Weirdness & Mutations

You have an increased reservoir of magic. (+10% MP)


Message History

Casting: Pain (safe; 3% risk of failure)
Confirm with . or Enter, or press ? or * to list all spells.
Aiming: Pain (safe; 3% risk of failure)
Press: ? - help, Shift-Dir - straight line, f - goblin
Aim: a goblin (chance to defeat MR: 87%)
The goblin barely resists.
The goblin barely misses you.
Casting: Pain (safe; 3% risk of failure)
Confirm with . or Enter, or press ? or * to list all spells.
Aiming: Pain (safe; 3% risk of failure)
Press: ? - help, Shift-Dir - straight line, f/p - goblin
Aim: a goblin (chance to defeat MR: 87%)
The goblin barely resists.
The goblin closely misses you.
Unknown command.
Casting: Pain (safe; 3% risk of failure)
Confirm with . or Enter, or press ? or * to list all spells.
Aiming: Pain (safe; 3% risk of failure)
Press: ? - help, Shift-Dir - straight line, f/p - goblin
Aim: a goblin (chance to defeat MR: 87%)
The goblin barely resists.
The goblin hits you.
You die...

.. #.†.##.............8.8.8.
>..#..###...........).(.....
#...........##..<###........
...........###.### #...g....
............##.# #.......g
.............#.## #......g.
..###.#...#.....## #..8.8.8.
.#
#...###.....g############# #
...## ###.#.@..#####.....#
...## ...#.##...........#
....# #.###.########.....#
#. #.## #.....# . #...##
#.....# .. ###...####.....#
#..##†.....# ##
###.#.......#
..####..........##


You could see a goblin.

Vanquished Creatures
  A leopard gecko (D:1)
  A bat (D:1)
  3 hobgoblins
  2 kobolds
  A frilled lizard (D:2)
  5 goblins
  4 rats
17 creatures vanquished.

Notes
Turn   | Place    | Note
-------+----------+-------------------------------------------
     0 | D:1      | 4thArraOfDagon the Demigod Necromancer began the quest for the Orb.
     0 | D:1      | Reached XP level 1. HP: 14/14 MP: 5/5
   210 | D:2      | Reached XP level 2. HP: 9/20 MP: 1/7
   214 | D:2      | Reached skill level 4 in Necromancy
   383 | D:2      | Slain by a goblin

Vault maps used:
D:1:      minmay_arrival_plants_in_alcoves, st_stairs_8,
          corexii_item_surrounded_by_moat, minmay_misc_feat_more_columns
D:2:      kennysheep_the_goblin_king, lemuel_zombie_altar_kikubaaqudgha,
          uniq_terence

Skill      XL: |  1  2 |
---------------+-------+-----
Spellcasting   | 2 |  2.1
Necromancy     | 4 |  4.1
Dodging        | |  1.7
Stealth        | |  1.7

Action                   || total
-------------------------++-------
Melee: Unarmed           ||     5
 Cast: Pain              ||    31
Armor: Robe              ||     2
Dodge: Dodged            ||     5

Table legend:
 A = Spawn XP
 B = Non-spawn XP
 C = Spawn XP percentage of total XP
 D = Spawn monster count
 E = Non-spawn monster count
 F = Spawn count percentage of total count
 G = Total turns spent on level
                    A         B        C        D         E        F      G
               +---------+---------+-------+---------+---------+-------+---------
         Total |       0 |      29 |   0.0 |       0 |      17 |   0.0 |   383
               +---------+---------+-------+---------+---------+-------+---------
           D:1 |       0 |      13 |   0.0 |       0 |       7 |   0.0 |   214
           D:2 |       0 |      16 |   0.0 |       0 |      10 |   0.0 |   169
               +---------+---------+-------+---------+---------+-------+---------
